 Dungeon Crawl Stone Soup version 0.30-a0-949-g53dc5368d7 (webtiles) character file.

Game seed: 17069902507197110408

129 EonDragon20 the Changer (level 5, -4/38 HPs)
             Began as a Merfolk Transmuter on Mar 27, 2023.
             Slain by an iguana (13 damage)
             ... on level 3 of the Dungeon.
             The game lasted 00:09:11 (3235 turns).

EonDragon20 the Changer (Merfolk Transmuter)        Turns: 3235, Time: 00:09:12

Health: -4/38      AC:  4    Str: 13    XL:     5   Next: 12%
Magic:  1/9        EV: 12    Int: 12    God:
Gold:   141        SH:  0    Dex: 14    Spells: 3/9 levels left

rFire   . . .      SeeInvis .      - Unarmed
rCold   . . .      Faith    .    (no shield)
rNeg    . . .      Spirit   .    a - +0 robe
rPois   .          Reflect  .    (no helmet)
rElec   .          Rampage  .    (no cloak)
rCorr   .                        (no gloves)
Will    .....                    g - +1 pair of boots
Stlth   +                        (no amulet)
HPRegen 0.26/turn                (no ring)
MPRegen 0.11/turn                (no ring)

@: very slightly contaminated
A: (nimble swimmer 2), mertail
a: no special abilities


You were on level 3 of the Dungeon.
You visited 1 branch of the dungeon, and saw 4 of its levels.

You collected 141 gold pieces.

Inventory:

Armour
 a - a +0 robe (worn)
 g - a +1 pair of boots (worn)
Jewellery
 c - a ring of fire
 m - a ring of protection from cold
Wands
 n - a wand of polymorph (7)
Scrolls
 l - 2 scrolls of teleportation
Potions
 b - 2 potions of lignification
 d - a potion of invisibility
 e - 2 potions of mutation
 f - a potion of curing {unknown}
 h - 3 potions of might
 i - a potion of brilliance {unknown}
 j - a potion of attraction {unknown}


   Skills:
 - Level 1.6 Fighting
 - Level 2.6 Dodging
 + Level 4.1 Unarmed Combat
 + Level 2.6 Spellcasting
 * Level 4.3 Transmutations
 * Level 2.0 Poison Magic


You had 3 spell levels left.
You knew the following spells:

 Your Spells              Type           Power      Damage    Failure   Level
a - Beastly Appendage     Tmut           24%        N/A       4%          1
b - Wereblood             Tmut           12%        N/A       6%          2
c - Spider Form           Tmut/Pois      9%         N/A       21%         3

Your spell library contained the following spells:

 Spells                   Type           Power      Damage    Failure   Level
 Ice Form                 Ice/Tmut       6%         N/A       71%         4


Dungeon Overview and Level Annotations

Branches:
Dungeon (4/15)
 Temple: D:4-7

Altars:
Okawaru


Innate Abilities, Weirdness & Mutations

((You are very nimble when in or above water. (Stealth+, EV+, Speed+++)))
Your lower body shifts to a powerful aquatic tail in water.


Message History

Confirm with . or Enter, or press ? or * to list all spells.
The spell is quite dangerous to miscast (21% risk of failure)!
Continue anyway?
You turn into a venomous arachnid creature.
Your +1 pair of boots melds into your body.
Your +0 robe melds into your body.
The iguana misses you.
You hit the iguana but do no damage. The iguana closely misses you.
You hit the iguana but do no damage. The iguana completely misses you.
You barely miss the iguana. The iguana completely misses you.
You hit the iguana.
The iguana is moderately wounded.
The iguana bites you!
You barely miss the iguana.
The iguana is moderately wounded.
Your transformation is almost over.
The iguana bites you! The iguana closely misses you.
You hit the iguana but do no damage.
The iguana is moderately wounded.
The iguana misses you.
You barely miss the iguana.
The iguana is moderately wounded.
The iguana completely misses you.
You barely miss the iguana.
The iguana is moderately wounded.
The iguana closely misses you.
You hit the iguana.
The iguana is poisoned.
The iguana is severely wounded.
You barely miss the iguana.
The iguana is severely wounded.
The iguana misses you.
You hit the iguana.
The iguana looks as sick as possible!
The iguana is severely wounded.
Your transformation has ended.
Your +1 pair of boots unmelds from your body.
Your +0 robe unmelds from your body.
The iguana barely misses you. The iguana attacks as you move away!
The iguana bites you!
* * * LOW HITPOINT WARNING * * *
There is an escape hatch in the ceiling here.
The iguana attacks as you move away! The iguana bites you!
You die...

........# ........#
.....#### #..#.#
#....# #.##.#
#.##.#################
....<..........#....(#
#.############.#@###.#
.......# #.#l# #.#
#.####.# #.#.###.# #.#
#.# #.#..##.# #.# #.#
#.##.##.# ..# #.#
#.##.##.# ### #.#
#.##.##.# #.#
#.......#
#.###########.###


You could see an iguana (extremely poisoned).

Vanquished Creatures
  An iguana (D:3)
  4 adders
  A dart slug (D:2)
  6 orcs
  6 ball pythons
  6 endoplasms
  2 giant cockroaches (D:2)
  7 goblins
  4 hobgoblins
  7 kobolds
  2 quokkas (D:2)
  4 bats
  4 frilled lizards
  5 rats
59 creatures vanquished.

Notes
Turn   | Place    | Note
-------+----------+-------------------------------------------
     0 | D:1      | EonDragon20 the Merfolk Transmuter began the quest for the
                  | Orb.
     0 | D:1      | Reached XP level 1. HP: 15/15 MP: 3/3
   115 | D:1      | Reached XP level 2. HP: 5/21 MP: 3/5
   356 | D:1      | Found a faded altar of an unknown god.
  1160 | D:2      | Found an iron altar of Okawaru.
  1169 | D:2      | Reached XP level 3. HP: 23/26 MP: 4/6
  1183 | D:2      | Learned a level 2 spell: Wereblood
  1187 | D:2      | Learned a level 3 spell: Spider Form
  1579 | D:2      | Reached skill level 1 in Poison Magic
  1579 | D:2      | Reached XP level 4. HP: 32/33 MP: 5/7
  2720 | D:3      | Reached XP level 5. HP: 38/38 MP: 6/8
  3235 | D:3      | Slain by an iguana

Illustrated notes

Levels and vault maps discovered:
D:1:      amcnicky_arrival_flooded_fountain, layout_rooms,
          ebering_ecumenical_altar_abandoned
D:2:      layout_basic, basic_altar
D:3:      layout_basic
D:4:      layout_basic, lemuel_tele_altar, mainiacjoe_overflow_small_starburst,
          minmay_temple_entry_water_ring

Skill      XL: |  1  2  3  4  5 |
---------------+----------------+-----
Transmutations | 3 4 |  4.3
Poison Magic   | 1 2 |  2.0
Unarmed Combat | 4 |  4.1
Fighting       | |  1.6
Dodging        | |  2.6
Spellcasting   | |  2.6

Action                     |  1- 3 |  4- 6 || total
---------------------------+-------+-------++-------
  Melee: Unarmed           |   100 |    88 ||   188
         Headbutt          |    12 |     4 ||    16
         Punch             |     5 |     3 ||     8
   Cast: Beastly Appendage |    13 |     6 ||    19
         Spider Form       |     1 |     8 ||     9
    Use: Scroll            |     2 |     6 ||     8
 Armour: Robe              |    20 |     6 ||    26
         Skin              |       |     3 ||     3
  Dodge: Dodged            |    61 |    71 ||   132

Table legend: (Time is in decaauts)
 A = Elapsed time spent in this place.
 B = Non-inter-level travel time spent in this place.
 C = Inter-level travel time spent in this place.
 D = Time resting spent in this place.
 E = Time spent auto-exploring this place.
 F = Levels seen in this place.
 G = Mean time per level.
                   A        B        C        D        E       F      G
               +--------+--------+--------+--------+--------+-----+--------+
         Total |   3221 |   3219 |      2 |    527 |   1779 |   4 |  805.2 |
       Dungeon |   3221 |   3219 |      2 |    527 |   1779 |   4 |  805.2 |
               +--------+--------+--------+--------+--------+-----+--------+

Top non-repeatable levels by time:
     D:2: 1128 daAuts
     D:3: 1050 daAuts
     D:1: 996 daAuts
     D:4: 46 daAuts
